AoeStats
← SanitaryCupid50

Nomad

507604210Analyzed
2v2 RM · 13d ago on Sep 19, 2026· 26m 6s· 4 players
Game mode
Random Map
Map size
176×176
Population
200
Speed
Normal
Resources
Standard
Victory
Conquest
Starting age
Dark Age
Ending age
Imperial Age
RankedLock teamsTeams togetherTeam positionsShared explorationLock speedFull tech treeHidden civsTurbo modeCheats
Victory
Defeat
🇺🇸 Huns · United States
917
+14
🇦🇺 Italians · Australia
854
+17
🇺🇸 Vietnamese · United States
905
-17
🇨🇦 Burgundians · Canada
847
-14
SanitaryCupid50
5:57 Loom
14:18 Double-Bit Axe
17:47 Feudal Age
21:22 Castle Age
19:37 Bow Saw
21:08 Scale Barding Armor
21:13 Forging
LordZooK25
16:09 Feudal Age
17:33 Loom
18:06 Double-Bit Axe
20:52 Horse Collar
21:32 Town Watch
22:29 Wheelbarrow
27:52 Castle Age
jd58424
4:38 Loom
14:55 Feudal Age
16:08 Fishing Lines
19:52 Castle Age
18:13 Horse Collar
22:14 Gillnets
akjamesm49
12:32 Loom
14:43 Feudal Age
18:57 Castle Age
25:19 Marauders
Connection lost

Rejoining the realm…

Still unreachable

The connection could not be restored.

Session expired

The server has moved on; the page needs a fresh start.